BSA
NASSAU ROCKETS @ ORLANDO CALRISSIAN
09/29/2025
 
TOP OF THE 1ST
Nassau Rockets batting - Pitching for Orlando Calrissian : RHP Enrique Aguilera
Pitching: RHP Enrique Aguilera
Batting: LHB Doug Thompson 0-0: Called Strike
0-1: Ground out 6-3 (Groundball, 6M)
Batting: RHB Victor Andrews 0-0: Foul Ball, location: 2F
0-1: Called Strike
0-2: Ball
1-2: Fly out, F5 (Popup, 5SF)
Batting: LHB Andrew Alvarado 0-0: Ball
1-0: Foul Ball, location: 2F
1-1: Swinging Strike
1-2: Foul Ball, location: 2F
1-2: Ball
2-2: Fly out, F7 (Flyball, 7M)
Top of the 1st over - 0 run(s), 0 hit(s), 0 error(s), 0 left on base; Nassau 0 - Orlando 0
BOTTOM OF THE 1ST
Orlando Calrissian batting - Pitching for Nassau Rockets : LHP Gianluigi Ciottone
Pitching: LHP Gianluigi Ciottone
Batting: RHB Kenny Cole 0-0: Called Strike
0-1: Ball
1-1: Swinging Strike
1-2: Foul Ball, location: 2F
1-2: Foul Ball, location: 2F
1-2: Ground out 6-3 (Groundball, 6)
Batting: RHB Jorge Márquez 0-0: Ball
1-0: Called Strike
1-1: SINGLE (Groundball, 6MD)
Batting: LHB Santiago Márquez 0-0: Ball
1-0: Swinging Strike
1-1: Ball
2-1: Foul Ball, location: 2F
2-2: Strikes out looking
Batting: LHB Danny Allen 0-0: Swinging Strike
0-1: Ball
1-1: Called Strike
Pickoff Throw by Catcher to First - Out!
Bottom of the 1st over - 0 run(s), 1 hit(s), 0 error(s), 0 left on base; Nassau 0 - Orlando 0
TOP OF THE 2ND
Nassau Rockets batting - Pitching for Orlando Calrissian : RHP Enrique Aguilera
Batting: SHB Chris Bennis 0-0: Ball
1-0: Called Strike
1-1: Swinging Strike
1-2: Ball
2-2: Ball
3-2: Base on Balls
Batting: LHB Bob Martin 0-0: Ball
1-0: Fly out, F7 (Popup, 56D)
Batting: LHB Phil Smith 0-0: Ball
1-0: Ball
2-0: Foul Ball, location: 2F
2-1: Swinging Strike
2-2: Strikes out looking
Batting: LHB Felipe Cruz 0-0: Called Strike
0-1: Foul Ball, location: 2F
0-2: Foul Ball, location: 2F
0-2: Fly out, F9 (Flyball, 89D)
Top of the 2nd over - 0 run(s), 0 hit(s), 0 error(s), 1 left on base; Nassau 0 - Orlando 0
BOTTOM OF THE 2ND
Orlando Calrissian batting - Pitching for Nassau Rockets : LHP Gianluigi Ciottone
Batting: LHB Danny Allen 0-0: Called Strike
0-1: Foul Ball, location: 2F
0-2: Ball
1-2: Ball
2-2: SINGLE (Line Drive, 89S)
Batting: RHB Frederico Hernández 0-0: Ball
1-0: Ball
2-0: Fly out, F6 (Line Drive, 6)
Batting: SHB Ryobe Yamamoto 0-0: Ball
Danny Allen is caught stealing 2nd base
1-0: Foul Ball, location: 2F
1-1: Ball
2-1: Foul Ball, location: 2F
2-2: Ball
3-2: SINGLE (Groundball, 6MD)
Batting: RHB Reginaldo Jaconelli 0-0: Ball
1-0: Called Strike
1-1: Ball
2-1: Fielders Choice at 2nd, U6 (Groundball, 6M)
Bottom of the 2nd over - 0 run(s), 2 hit(s), 0 error(s), 1 left on base; Nassau 0 - Orlando 0
TOP OF THE 3RD
Nassau Rockets batting - Pitching for Orlando Calrissian : RHP Enrique Aguilera
Batting: RHB Vern Carlton 0-0: Foul Ball, location: 2F
0-1: Called Strike
0-2: Ground out 1-3 (Groundball, 15)
Batting: LHB Rafael Delgado 0-0: Ball
1-0: Called Strike
1-1: Called Strike
1-2: Strikes out swinging
Batting: LHB Doug Thompson 0-0: Foul Ball, location: 2F
0-1: Foul Ball, location: 2F
0-2: Ground out 4-3 (Groundball, 4)
Top of the 3rd over - 0 run(s), 0 hit(s), 0 error(s), 0 left on base; Nassau 0 - Orlando 0
BOTTOM OF THE 3RD
Orlando Calrissian batting - Pitching for Nassau Rockets : LHP Gianluigi Ciottone
Batting: SHB Tim Abbott 0-0: Ball
1-0: Foul Ball, location: 2F
1-1: Foul Ball, location: 2F
1-2: SINGLE (Flyball, 89S)
Batting: LHB Germán Rivas 0-0: Called Strike
0-1: Called Strike
Tim Abbott steals 2nd base
0-2: Strikes out swinging
Batting: RHB Kenny Cole 0-0: Called Strike
0-1: Swinging Strike
0-2: Ball
1-2: Ball
2-2: Ground out 6-3 (Groundball, 6)
Tim Abbott to third
Batting: RHB Jorge Márquez 0-0: Ball
1-0: Ball
2-0: Foul Ball, location: 2F
2-1: Ball
3-1: Base on Balls
Batting: LHB Santiago Márquez 0-0: Ball
1-0: Foul Ball, location: 2F
1-1: Ball
2-1: 3-RUN HOME RUN (Flyball, 89XD), Distance : 450 ft
Batting: LHB Danny Allen 0-0: Ball
1-0: Called Strike
1-1: Ball
2-1: Ball
3-1: Foul Ball, location: 2F
3-2: Ground out 3-1 (Groundball, 34)
Bottom of the 3rd over - 3 run(s), 2 hit(s), 0 error(s), 0 left on base; Nassau 0 - Orlando 3
TOP OF THE 4TH
Nassau Rockets batting - Pitching for Orlando Calrissian : RHP Enrique Aguilera
Batting: RHB Victor Andrews 0-0: Foul Ball, location: 2F
0-1: SINGLE (Groundball, 5D)
Batting: LHB Andrew Alvarado 0-0: Ball
1-0: Ball
2-0: Foul Ball, location: 2F
2-1: Fielders Choice at 2nd, 6-4 (Groundball, 6M)
Batting: SHB Chris Bennis 0-0: Ball
1-0: Ball
2-0: Ball
3-0: Called Strike
3-1: Base on Balls
Andrew Alvarado to second
Batting: LHB Bob Martin 0-0: Ball
1-0: Called Strike
1-1: Ball
2-1: Ball
3-1: Swinging Strike
3-2: DOUBLE (Flyball, 78XD)
Andrew Alvarado scores
Chris Bennis to third
Runner from 3rd tries for Home, SAFE, throw made home
Batting: LHB Phil Smith 0-0: Ball
1-0: Ball
2-0: Ball
3-0: Called Strike
3-1: SINGLE (Line Drive, 9LS)
Bob Martin to third
Runner from 3rd tries for Home, SAFE, throw made home
Batting: LHB Felipe Cruz 0-0: Foul Ball, location: 2F
0-1: SINGLE (Line Drive, 9S)
Phil Smith to second
Batting: RHB Vern Carlton 0-0: Ball
1-0: Called Strike
1-1: Fly out, F8 (Flyball, 8RM)
Batting: LHB Rafael Delgado 0-0: Swinging Strike
0-1: Called Strike
0-2: Ball
1-2: Foul Ball, location: 2F
1-2: Strikes out swinging
Top of the 4th over - 3 run(s), 4 hit(s), 0 error(s), 2 left on base; Nassau 3 - Orlando 3
BOTTOM OF THE 4TH
Orlando Calrissian batting - Pitching for Nassau Rockets : LHP Gianluigi Ciottone
Batting: RHB Frederico Hernández 0-0: Called Strike
0-1: Ground out 1-3 (Groundball, 13S)
Batting: SHB Ryobe Yamamoto 0-0: Called Strike
0-1: Ground out 6-3 (Groundball, 6M)
Batting: RHB Reginaldo Jaconelli 0-0: Ball
1-0: SINGLE (Groundball, 6)
Batting: SHB Tim Abbott 0-0: Ball
1-0: Ball
2-0: SINGLE (Groundball, 34D)
Reginaldo Jaconelli to second
Runner from 2nd tries for 3rd, SAFE, throw made to third
Batting: LHB Germán Rivas 0-0: Ball
1-0: Foul Ball, location: 2F
1-1: Ground out 6-3 (Groundball, 6)
Bottom of the 4th over - 0 run(s), 2 hit(s), 0 error(s), 2 left on base; Nassau 3 - Orlando 3
TOP OF THE 5TH
Nassau Rockets batting - Pitching for Orlando Calrissian : RHP Enrique Aguilera
Batting: LHB Doug Thompson 0-0: Foul Ball, location: 2F
0-1: Ball
1-1: Ball
2-1: Ground out U3 (Groundball, 3L)
Batting: RHB Victor Andrews 0-0: Called Strike
0-1: SINGLE (Groundball, 6MD)
Batting: LHB Andrew Alvarado 0-0: Foul Ball, location: 2F
0-1: Foul Ball, location: 2F
0-2: Ball
1-2: Ball
2-2: Fly out, F7 (Flyball, 7M)
Batting: SHB Chris Bennis 0-0: Ball
1-0: Ball
2-0: Foul Ball, location: 2F
2-1: Called Strike
2-2: Foul Ball, location: 2F
2-2: Ball
3-2: Base on Balls
Victor Andrews to second
Pitching: RHP Stan Stewart
Batting: LHB Bob Martin 0-0: Ball
1-0: DOUBLE (Line Drive, 9D)
Victor Andrews scores
Chris Bennis to third
Batting: LHB Phil Smith 0-0: Called Strike
0-1: Swinging Strike
0-2: Strikes out swinging
Top of the 5th over - 1 run(s), 2 hit(s), 0 error(s), 2 left on base; Nassau 4 - Orlando 3
BOTTOM OF THE 5TH
Orlando Calrissian batting - Pitching for Nassau Rockets : LHP Gianluigi Ciottone
Batting: RHB Kenny Cole 0-0: Ball
1-0: Swinging Strike
1-1: Ball
2-1: Swinging Strike
2-2: Foul Ball, location: 2F
2-2: Fly out, F9 (Flyball, 9D)
Batting: RHB Jorge Márquez 0-0: Ground out 1-3 (Groundball, 23)
Batting: LHB Santiago Márquez 0-0: Ground out 4-3 (Groundball, 4S)
Bottom of the 5th over - 0 run(s), 0 hit(s), 0 error(s), 0 left on base; Nassau 4 - Orlando 3
TOP OF THE 6TH
Nassau Rockets batting - Pitching for Orlando Calrissian : RHP Stan Stewart
Batting: LHB Felipe Cruz 0-0: Called Strike
0-1: Called Strike
0-2: Strikes out looking
Batting: RHB Vern Carlton 0-0: SINGLE (Line Drive, 78M)
Batting: LHB Rafael Delgado 0-0: Called Strike
0-1: Ball
1-1: Ball
2-1: Foul Ball, location: 2F
2-2: Foul Ball, location: 2F
2-2: Ball
3-2: Foul Ball, location: 2F
3-2: Strikes out looking
Batting: LHB Doug Thompson 0-0: Ball
Pickoff Throw to First - Out!
Top of the 6th over - 0 run(s), 1 hit(s), 0 error(s), 0 left on base; Nassau 4 - Orlando 3
BOTTOM OF THE 6TH
Orlando Calrissian batting - Pitching for Nassau Rockets : LHP Gianluigi Ciottone
Batting: LHB Danny Allen 0-0: Foul Ball, location: 2F
0-1: Ball
1-1: Foul Ball, location: 2F
1-2: Ground out 4-3 (Groundball, 4)
Batting: RHB Frederico Hernández 0-0: Foul Ball, location: 2F
0-1: Ball
1-1: Ball
2-1: Ground out 5-3 (Groundball, 56)
Batting: SHB Ryobe Yamamoto 0-0: Foul Ball, location: 2F
0-1: Ground out 6-3 (Groundball, 6)
Bottom of the 6th over - 0 run(s), 0 hit(s), 0 error(s), 0 left on base; Nassau 4 - Orlando 3
TOP OF THE 7TH
Nassau Rockets batting - Pitching for Orlando Calrissian : RHP Stan Stewart
Pitching: LHP José Ramírez
Batting: LHB Doug Thompson 0-0: Ball
1-0: Ball
2-0: Called Strike
2-1: Ball
3-1: Swinging Strike
3-2: Foul Ball, location: 2F
3-2: Foul Ball, location: 2F
3-2: Fly out, F9 (Flyball, 9LM)
Batting: RHB Victor Andrews 0-0: Ball
1-0: Fly out, F8 (Flyball, 8LM)
Pitching: RHP Josh Graham
Batting: LHB Andrew Alvarado 0-0: Ball
1-0: Called Strike
1-1: Reached on error, E3 (Groundball, 3L)
Batting: SHB Chris Bennis 0-0: Ball
1-0: Ball
2-0: Called Strike
2-1: SINGLE (Groundball, 34S)
Andrew Alvarado to second
Runner from 2nd tries for 3rd, SAFE, no throw or cutoff
Batting: LHB Bob Martin 0-0: Foul Ball, location: 2F
0-1: Swinging Strike
0-2: Ball
1-2: SINGLE (Line Drive, 6D)
Andrew Alvarado scores
Chris Bennis to second
Batting: LHB Phil Smith 0-0: Foul Ball, location: 2F
0-1: Ball
1-1: Called Strike
1-2: Fly out, F7 (Flyball, 7D)
Top of the 7th over - 1 run(s), 2 hit(s), 1 error(s), 2 left on base; Nassau 5 - Orlando 3
BOTTOM OF THE 7TH
Orlando Calrissian batting - Pitching for Nassau Rockets : LHP Gianluigi Ciottone
Pitching: RHP Jerry Good
Batting: RHB Reginaldo Jaconelli 0-0: Ground out 5-3 (Groundball, 5)
Batting: SHB Tim Abbott 0-0: Ball
1-0: Foul Ball, location: 2F
1-1: DOUBLE (Flyball, 9D)
Pitching: LHP Kai-ge Hui
Batting: LHB Germán Rivas 0-0: Called Strike
0-1: Foul Ball, location: 2F
0-2: Foul Ball, location: 2F
0-2: Foul Ball, location: 2F
0-2: Ball
1-2: SINGLE (Groundball, 3D)
Tim Abbott to third
Runner from 3rd tries for Home, SAFE, throw made home
Germán Rivas to second
Pitching: RHP José García
Pinch Hitting: LHB Juan Colón 0-0: Ball
1-0: Called Strike
1-1: Swinging Strike
1-2: Strikes out swinging
Pinch Hitting: LHB Bryan Foster 0-0: Swinging Strike
0-1: Swinging Strike
0-2: Foul Ball, location: 2F
0-2: Ball
1-2: Fly out, F9 (Line Drive, 89D)
Bottom of the 7th over - 1 run(s), 2 hit(s), 0 error(s), 1 left on base; Nassau 5 - Orlando 4
TOP OF THE 8TH
Nassau Rockets batting - Pitching for Orlando Calrissian : RHP Josh Graham
Now at 2B: Juan Martínez
Now in CF: Bryan Foster
Batting: LHB Felipe Cruz 0-0: Called Strike
0-1: Ball
1-1: Foul Ball, location: 2F
1-2: Ball
2-2: Fly out, F7 (Flyball, 7M)
Batting: RHB Vern Carlton 0-0: Ball
1-0: Ball
2-0: Called Strike
2-1: Swinging Strike
2-2: Strikes out swinging
Batting: LHB Rafael Delgado 0-0: Foul Ball, location: 2F
0-1: Swinging Strike
0-2: Ball
1-2: SINGLE (Flyball, 9LM)
Pitching: LHP Salvador Rodríguez
Batting: LHB Doug Thompson 0-0: Ball
Rafael Delgado is caught stealing 2nd base
Top of the 8th over - 0 run(s), 1 hit(s), 0 error(s), 0 left on base; Nassau 5 - Orlando 4
BOTTOM OF THE 8TH
Orlando Calrissian batting - Pitching for Nassau Rockets : RHP José García
Pitching: LHP Dave Miller
Batting: LHB Santiago Márquez 0-0: Ball
1-0: Swinging Strike
1-1: Ball
2-1: Called Strike
2-2: Foul Ball, location: 2F
2-2: Ball
3-2: Base on Balls
Batting: LHB Danny Allen 0-0: Ball
1-0: Called Strike
1-1: Ball
2-1: Ball
3-1: Base on Balls
Santiago Márquez to second
Pitching: RHP Tomás Molina
Batting: RHB Frederico Hernández 0-0: Ball
1-0: Foul Ball, location: 2F
1-1: Foul Ball, location: 2F
1-2: Foul Ball, location: 2F
1-2: Foul Ball, location: 2F
1-2: DOUBLE (Line Drive, 9LS)
Santiago Márquez scores
Danny Allen to third
Batting: SHB Ryobe Yamamoto 0-0: Intentional Walk
Batting: RHB Reginaldo Jaconelli 0-0: Ball
1-0: Ball
2-0: Called Strike
2-1: Grounds into fielders choice 6-2 (Groundball, 6)
Frederico Hernández to third
Ryobe Yamamoto to second
Batting: SHB Tim Abbott 0-0: Called Strike
0-1: Ball
1-1: Ball
Wild Pitch!
Frederico Hernández scores
Ryobe Yamamoto to third
Reginaldo Jaconelli to second
2-1: Intentional Walk
Batting: LHB Germán Rivas 0-0: Called Strike
0-1: Foul Ball, location: 2F
0-2: Strikes out swinging
Batting: RHB Juan Martínez 0-0: Ball
1-0: Foul Ball, location: 2F
1-1: Ball
2-1: Ball
3-1: GRAND SLAM HOME RUN (Flyball, 9D), Distance : 372 ft
Batting: LHB Bryan Foster 0-0: Ball
1-0: Fly out, F7 (Flyball, 78D)
Bottom of the 8th over - 6 run(s), 2 hit(s), 0 error(s), 0 left on base; Nassau 5 - Orlando 10
TOP OF THE 9TH
Nassau Rockets batting - Pitching for Orlando Calrissian : LHP Salvador Rodríguez
Batting: LHB Doug Thompson 0-0: Foul Ball, location: 2F
0-1: SINGLE (Groundball, 4MD)
Batting: RHB Victor Andrews 0-0: Ball
1-0: Foul Ball, location: 2F
1-1: Foul Ball, location: 2F
1-2: Strikes out looking
Batting: LHB Andrew Alvarado 0-0: Ball
1-0: Grounds out, U3 (Groundball, 3L)
Batting: SHB Chris Bennis 0-0: Swinging Strike
0-1: Ball
1-1: Called Strike
1-2: Foul Ball, location: 2F
1-2: Ball
2-2: 2-RUN HOME RUN (Flyball, 89XD), Distance : 417 ft
Pitching: RHP Tony Rocha
Batting: LHB Bob Martin 0-0: Foul Ball, location: 2F
0-1: Ball
1-1: Swinging Strike
1-2: Strikes out looking
Top of the 9th over - 2 run(s), 2 hit(s), 0 error(s), 0 left on base; Nassau 7 - Orlando 10
This league is powered by Out of the Park Baseball, the baseball management simulation game for PC, Mac and Linux
Tuesday, August 2nd, 2016 - OOTP Baseball 16.8 Build 38